Marlies vs Senators

Created - Tuesday, November 03, 2015 at 02:45

Goals
1 2 3 OT1 SO T
Marlies 0 1 0 0 3 2
Senators 0 1 0 0 2 1
Shots
1 2 3 OT1 SO T
Marlies 14 9 7 6 12 36
Senators 6 2 9 1 12 18

1st period

No Goal

Penalties :
Mike Brown (BIN) for Slashing (Minor) at 0:11, Eric Knodel (BIN) for Fighting (Major) at 2:16, Jarred Tinordi (TOR) for Fighting (Major) at 2:16, Philip McRae (BIN) for Fighting (Major) at 2:30, Rich Clune (TOR) for Fighting (Major) at 2:30, Eric Knodel (BIN) for Roughing (Minor) at 8:49

2nd period

1. Senators , Mike Brown 3 (Ryan Craig) at 5:52 (SH)
2. Marlies , Andrew O'Brien 1 (Travis Ehrhardt, Bobby Shea) at 18:16

Penalties :
Philip McRae (BIN) for Fighting (Major) at 0:50, Rich Clune (TOR) for Fighting (Major) at 0:50, Tyler Biggs (BIN) for Fighting (Major) at 1:26, Jarred Tinordi (TOR) for Fighting (Major) at 1:26, Griffin Reinhart (BIN) for Roughing (Minor) at 5:27, FARM PLAYER14 (BIN) for Interference (Minor) at 8:03, Josh Leivo (BIN) for Holding Stick (Minor) at 18:54

3rd period

No Goal

Penalties :
Colton Orr (BIN) for Fighting (Major) at 2:14, Phil Di Giuseppe (TOR) for Fighting (Major) at 2:14

Overtime #1

No Goal

Penalties :
Griffin Reinhart (BIN) for Interference (Minor) at 0:22

Shootout

Penalty Shot by Andrew Yogan for Marlies - Shot Misses the Net
Penalty Shot by Mike Brown for Senators - Shot Misses the Net
Penalty Shot by Andy Miele for Marlies - Stopped by Jean-Francois Berube
Penalty Shot by Ryan Craig for Senators - Stopped by Dustin Tokarski
Penalty Shot by Rich Clune for Marlies - Stopped by Jean-Francois Berube
Penalty Shot by Greg Nemisz for Senators - Shot Misses the Net
Penalty Shot by Colton Gillies for Marlies - Shot Misses the Net
Penalty Shot by Josh Leivo for Senators - Stopped by Dustin Tokarski
Penalty Shot by Ryan Carpenter for Marlies - Shot Misses the Net
Penalty Shot by Connor Brown for Senators - Stopped by Dustin Tokarski
Penalty Shot by Brock McGinn for Marlies - Stopped by Jean-Francois Berube
Penalty Shot by Stefan Noesen for Senators - Shot Misses the Net
Penalty Shot by Jonathon Blum for Marlies - Goal!
Penalty Shot by Evan Trupp for Senators - Goal!
Penalty Shot by Phil Di Giuseppe for Marlies - Stopped by Jean-Francois Berube
Penalty Shot by Philip McRae for Senators - Stopped by Dustin Tokarski
Penalty Shot by Gemel Smith for Marlies - Shot Hit the Post
Penalty Shot by Kenny Ryan for Senators - Stopped by Dustin Tokarski
Penalty Shot by Travis Ehrhardt for Marlies - Stopped by Jean-Francois Berube
Penalty Shot by Brad Ross for Senators - Stopped by Dustin Tokarski
Penalty Shot by Morgan Ellis for Marlies - Goal!
Penalty Shot by FARM PLAYER1 for Senators - Goal!
Penalty Shot by Andrew O'Brien for Marlies - Goal!
Penalty Shot by FARM PLAYER14 for Senators - Stopped by Dustin Tokarski

Penalties :
No Penalty

Goalie Stats

Dustin Tokarski (TOR), 17 saves from 18 shots - (0.944), W, 8-1-0, 65:00 minutes
Jean-Francois Berube (BIN), 35 saves from 36 shots - (0.972), OTL, 3-4-4, 65:00 minutes

Players Stats for Marlies

Player Name              G  A  P  +/- PIM S  H  SB GA TA FO     MP     PP MP  PK MP  
------------------------------------------------------------------------------------
Andrew O'Brien           1  0  1   1  0   1  0  0  0  2  0/0    14:02   0:00   0:00 
Andrew Yogan             0  0  0   0  0   2  1  0  0  0  2/5    20:44   4:28   0:00 
Andy Miele               0  0  0   0  0   0  0  0  0  1  1/8    17:29   0:00   0:00 
Austen Brassard          0  0  0  -1  0   0  1  0  0  0  0/0    20:07   5:05   0:00 
Bobby Shea               0  1  1   0  0   1  2  0  0  0  0/1    11:24   0:25   0:00 
Brock McGinn             0  0  0   0  0   0  0  0  0  0  0/0    16:12   1:12   0:00 
Colton Gillies           0  0  0   0  0   3  1  0  9  1  4/6    22:37   4:03   0:00 
Gemel Smith              0  0  0  -1  0   0  0  0  2  0  11/19  20:53   5:05   0:00 
Ian Schultz              0  0  0   0  0   0  2  0  0  0  0/0     8:15   0:00   0:00 
Jarred Tinordi           0  0  0   0  10  7  1  2  2  0  0/0    22:03   3:57   0:00 
Jonathon Blum            0  0  0   0  0   5  1  2  4  2  0/0    22:33   4:33   0:00 
Morgan Ellis             0  0  0   0  0   1  1  0  0  1  0/0    22:33   4:33   0:00 
Nicolas Deschamps        0  0  0   0  0   0  0  0  0  0  0/0     0:47   0:00   0:00 
Phil Di Giuseppe         0  0  0   0  5   0  1  0  1  0  0/1    17:34   0:22   0:00 
Rich Clune               0  0  0   0  10  5  3  0  6  0  0/0    17:18   5:02   0:00 
Ryan Carpenter           0  0  0   1  0   3  3  0  1  2  2/9    23:13   4:28   0:00 
Scott Harrington         0  0  0  -1  0   6  2  0  1  4  0/0    23:52   5:22   0:00 
Travis Ehrhardt          0  1  1   1  0   2  1  0  2  1  0/0    18:19   1:00   0:00 

Players Stats for Senators

Player Name              G  A  P  +/- PIM S  H  SB GA TA FO     MP     PP MP  PK MP  
------------------------------------------------------------------------------------
Brad Ross                0  0  0  -1  0   1  0  0  3  0  0/0     9:33   0:00   0:00 
Colton Orr               0  0  0  -1  5   0  1  0  0  0  0/0     9:00   0:00   0:00 
Connor Brown             0  0  0   0  0   3  0  0  3  0  0/0    14:10   0:00   0:00 
Eric Knodel              0  0  0   1  7   0  1  3  2  0  0/0    24:21   0:00   7:11 
Evan Trupp               0  0  0   0  0   2  1  0  4  0  3/4    12:22   0:00   0:00 
FARM PLAYER1             0  0  0   0  0   0  0  0  0  1  0/1    24:01   0:00   3:52 
FARM PLAYER14            0  0  0  -1  2   0  0  1  0  1  0/0    16:54   0:00   0:00 
FARM PLAYER22            0  0  0   0  0   0  1  1  0  0  0/0    18:17   0:00   4:04 
Greg Nemisz              0  0  0   0  0   2  2  2  2  3  4/7    16:08   0:00   2:09 
Griffin Reinhart         0  0  0   0  4   0  1  1  0  1  0/0    24:35   0:00   4:49 
Josh Leivo               0  0  0   0  2   0  1  0  1  3  1/1    18:18   0:00   2:42 
Kenny Ryan               0  0  0   0  0   2  0  2  1  2  1/1    13:21   0:00   0:00 
Matt Finn                0  0  0   0  0   0  2  1  0  3  0/0    23:18   0:00   3:52 
Mike Brown               1  0  1   0  2   3  1  5  8  1  8/13   22:25   0:00   6:19 
Philip McRae             0  0  0   1  10  0  0  0  2  1  3/9    10:53   0:00   0:03 
Ryan Craig               0  1  1   1  0   2  1  3  2  2  6/8    21:53   0:00   7:12 
Stefan Noesen            0  0  0   0  0   2  1  2  4  1  0/1    18:01   0:00   3:27 
Tyler Biggs              0  0  0   0  5   1  3  0  0  0  3/4    10:38   0:00   0:10 

3 Stars

1 - Jean-Francois Berube (BIN)
2 - Dustin Tokarski (TOR)
3 - Andrew O'Brien (TOR)

Power Play

Marlies - 0 on 6 Attempt(s) - 0.00%
Senators - 0 on 0 Attempt(s) - 0.00%

Penalty Kill

Marlies - 0 on 0 Attempt(s) - 0.00% - Score 0 goal in Penalty Kill
Senators - 6 on 6 Attempt(s) - 100.00% - Score 1 goal in Penalty Kill

Team Stat

Marlies - Hits : 20 - Faceoff Wins : 20 - Blocked Shots : 4 - Penalty Minutes : 25
Senators - Hits : 16 - Faceoff Wins : 29 - Blocked Shots : 21 - Penalty Minutes : 37

Official

Referees : Unknown
Linesman : Unknown

Game Notes

Eric Knodel beats up Jarred Tinordi at 2:16 of 1st period
Philip McRae and Rich Clune fight to a draw at 2:30 of 1st period
Philip McRae and Rich Clune fight to a draw at 0:50 of 2nd period
Tyler Biggs beats up Jarred Tinordi at 1:26 of 2nd period
Phil Di Giuseppe beats up Colton Orr at 2:14 of 3rd period

Finance

Level 1 -- Attendance: 1365 (68.25%) -- Ticket Income $47,775
Level 2 -- Attendance: 711 (71.10%) -- Ticket Income $10,665
Total Attendance: 2076 (69.20%)
Total Ticket Income: $58,440
Other Income: $28,636
Total Income: $87,076

Marlies

5 vs 5 Forward 
   Center                   Left Wing                Right Wing               Time % Phy DF OF 
 1 Andy Miele               Colton Gillies           Ryan Carpenter           35     1   2  2  
 2 Gemel Smith              Rich Clune               Austen Brassard          30     1   2  2  
 3 Andrew Yogan             Colton Gillies           Rich Clune               22     1   2  2  
 4 Ryan Carpenter           Phil Di Giuseppe         Andrew Yogan             13     1   2  2  

5 vs 5 Defense 
   Defense                  Defense                                           Time % Phy DF OF 
 1 Jarred Tinordi           Scott Harrington                                  35     1   2  2  
 2 Jonathon Blum            Morgan Ellis                                      30     1   2  2  
 3 Travis Ehrhardt          Andrew O'Brien                                    22     1   2  2  
 4 Bobby Shea               Jarred Tinordi                                    13     1   2  2  

PowerPlay Forward 
   Center                   Left Wing                Right Wing               Time % Phy DF OF 
 1 Colton Gillies           Andrew Yogan             Ryan Carpenter           60     1   2  2  
 2 Gemel Smith              Rich Clune               Austen Brassard          40     1   2  2  

PowerPlay Defense
   Defense                  Defense                                           Time % Phy DF OF 
 1 Jarred Tinordi           Scott Harrington                                  60     1   2  2  
 2 Jonathon Blum            Morgan Ellis                                      40     1   2  2  

Penalty Kill 4 Players Forward 
   Center                   Wing                     Time % Phy DF OF 
 1 Ryan Carpenter           Andy Miele               60     1   2  2  
 2 Rich Clune               Colton Gillies           40     1   2  2  

Penalty Kill 4 Players Defense
   Defense                  Defense                  Time % Phy DF OF 
 1 Jarred Tinordi           Scott Harrington         60     1   2  2  
 2 Jonathon Blum            Morgan Ellis             40     1   2  2  

Penalty Kill - 3 Players Forward 
   Forward                                           Time % Phy DF OF 
 1 Rich Clune                                        60     1   2  2  
 2 Colton Gillies                                    40     1   2  2  

Penalty Kill - 3 Players Defense
   Defense                  Defense                  Time % Phy DF OF 
 1 Jarred Tinordi           Scott Harrington         60     1   2  2  
 2 Jonathon Blum            Morgan Ellis             40     1   2  2  

4 vs 4 Forward 
   Center                   Wing                     Time % Phy DF OF 
 1 Ryan Carpenter           Phil Di Giuseppe         60     1   2  2  
 2 Rich Clune               Colton Gillies           40     1   2  2  

4 vs 4 Defense
   Defense                  Defense                  Time % Phy DF OF 
 1 Jarred Tinordi           Scott Harrington         60     1   2  2  
 2 Jonathon Blum            Morgan Ellis             40     1   2  2  

Last Minutes Offensive
   Center                   Left Wing                Right Wing               Defense                  Defense                  
   Andy Miele               Rich Clune               Ryan Carpenter           Jarred Tinordi           Scott Harrington         

Last Minutes Defensive
   Center                   Left Wing                Right Wing               Defense                  Defense                  
   Andy Miele               Rich Clune               Ryan Carpenter           Jarred Tinordi           Scott Harrington         

Goaltenders
Starting : Dustin Tokarski          
Backup : Peter Mannino            

Extra Forwards
Normal : Brock McGinn, Phil Di Giuseppe, Andrew Yogan - PP : Brock McGinn, Phil Di Giuseppe - PK : Andrew Yogan
Extra Defensemen
Normal : Travis Ehrhardt, Andrew O'Brien, Bobby Shea - PP : Travis Ehrhardt - PK : Andrew O'Brien, Bobby Shea
Penalty Shots
Andrew Yogan, Andy Miele, Rich Clune, Colton Gillies, Ryan Carpenter

Senators

5 vs 5 Forward 
   Center                   Left Wing                Right Wing               Time % Phy DF OF 
 1 Ryan Craig               Mike Brown               Greg Nemisz              35     1   2  2  
 2 Philip McRae             Josh Leivo               Connor Brown             30     1   2  2  
 3 Evan Trupp               Stefan Noesen            Kenny Ryan               22     1   2  2  
 4 Mike Brown               Brad Ross                Colton Orr               13     1   2  2  

5 vs 5 Defense 
   Defense                  Defense                                           Time % Phy DF OF 
 1 Griffin Reinhart         Eric Knodel                                       35     1   2  2  
 2 Matt Finn                FARM PLAYER1                                      30     1   2  2  
 3 FARM PLAYER14            FARM PLAYER22                                     22     1   2  2  
 4 Griffin Reinhart         Eric Knodel                                       13     1   2  2  

PowerPlay Forward 
   Center                   Left Wing                Right Wing               Time % Phy DF OF 
 1 Ryan Craig               Mike Brown               Greg Nemisz              60     1   2  2  
 2 Philip McRae             Josh Leivo               Connor Brown             40     1   2  2  

PowerPlay Defense
   Defense                  Defense                                           Time % Phy DF OF 
 1 Griffin Reinhart         Eric Knodel                                       60     1   2  2  
 2 Matt Finn                FARM PLAYER1                                      40     1   2  2  

Penalty Kill 4 Players Forward 
   Center                   Wing                     Time % Phy DF OF 
 1 Mike Brown               Ryan Craig               60     1   2  2  
 2 Greg Nemisz              Josh Leivo               40     1   2  2  

Penalty Kill 4 Players Defense
   Defense                  Defense                  Time % Phy DF OF 
 1 Griffin Reinhart         Eric Knodel              60     1   2  2  
 2 Matt Finn                FARM PLAYER1             40     1   2  2  

Penalty Kill - 3 Players Forward 
   Forward                                           Time % Phy DF OF 
 1 Mike Brown                                        60     1   2  2  
 2 Ryan Craig                                        40     1   2  2  

Penalty Kill - 3 Players Defense
   Defense                  Defense                  Time % Phy DF OF 
 1 Griffin Reinhart         Eric Knodel              60     1   2  2  
 2 Matt Finn                FARM PLAYER1             40     1   2  2  

4 vs 4 Forward 
   Center                   Wing                     Time % Phy DF OF 
 1 Mike Brown               Ryan Craig               60     1   2  2  
 2 Greg Nemisz              Josh Leivo               40     1   2  2  

4 vs 4 Defense
   Defense                  Defense                  Time % Phy DF OF 
 1 Griffin Reinhart         Eric Knodel              60     1   2  2  
 2 Matt Finn                FARM PLAYER1             40     1   2  2  

Last Minutes Offensive
   Center                   Left Wing                Right Wing               Defense                  Defense                  
   Ryan Craig               Mike Brown               Greg Nemisz              Griffin Reinhart         Eric Knodel              

Last Minutes Defensive
   Center                   Left Wing                Right Wing               Defense                  Defense                  
   Ryan Craig               Mike Brown               Greg Nemisz              Griffin Reinhart         Eric Knodel              

Goaltenders
Starting : Jean-Francois Berube     
Backup : Cedrick Desjardins       

Extra Forwards
Normal : Tyler Biggs, Kenny Ryan, Stefan Noesen - PP : Tyler Biggs, Kenny Ryan - PK : Stefan Noesen
Extra Defensemen
Normal : FARM PLAYER14, FARM PLAYER22, Matt Finn - PP : FARM PLAYER14 - PK : FARM PLAYER22, Matt Finn
Penalty Shots
Mike Brown, Ryan Craig, Greg Nemisz, Josh Leivo, Connor Brown

% Time on Ice - Marlies

Lines # - Real PCT - Wanted PCT - Time Play
Normal Forward
1 - 33% - 35% - 16:38
2 - 32% - 30% - 16:10
3 - 14% - 22% - 7:11
4 - 20% - 13% - 10:06
Normal Defense
1 - 31% - 35% - 15:27
2 - 32% - 30% - 16:03
3 - 25% - 22% - 12:24
4 - 12% - 13% - 6:11
PP Forward
1 - 45% - 60% - 4:28
2 - 55% - 40% - 5:27
PP Defense
1 - 54% - 60% - 5:22
2 - 46% - 40% - 4:33
PK Forward
1 - 0% - 60%
2 - 0% - 40%
PK Defense
1 - 0% - 60%
2 - 0% - 40%
PK3 Forward
1 - 0% - 60%
2 - 0% - 40%
PK3 Defense
1 - 0% - 60%
2 - 0% - 40%
44 Forward
1 - 100% - 60% - 5:00
2 - 0% - 40% - 0:00
44 Defense
1 - 61% - 60% - 3:03
2 - 39% - 40% - 1:57
Last Minute Offensive  - 0:00
Last Minute Defensive  - 0:00
Total
Forward - 65:00
Defense - 65:00

% Time on Ice - Senators

Lines # - Real PCT - Wanted PCT - Time Play
Normal Forward
1 - 25% - 35% - 12:33
2 - 31% - 30% - 15:37
3 - 25% - 22% - 12:22
4 - 19% - 13% - 9:33
Normal Defense
1 - 32% - 35% - 15:52
2 - 36% - 30% - 18:03
3 - 27% - 22% - 13:40
4 - 5% - 13% - 2:30
PP Forward
1 - 0% - 60%
2 - 0% - 40%
PP Defense
1 - 0% - 60%
2 - 0% - 40%
PK Forward
1 - 78% - 60% - 7:46
2 - 22% - 40% - 2:09
PK Defense
1 - 61% - 60% - 6:03
2 - 39% - 40% - 3:52
PK3 Forward
1 - 100% - 60% - 1:59
2 - 0% - 40% - 0:00
PK3 Defense
1 - 100% - 60% - 1:59
2 - 0% - 40% - 0:00
44 Forward
1 - 100% - 60% - 3:01
2 - 0% - 40% - 0:00
44 Defense
1 - 54% - 60% - 1:38
2 - 46% - 40% - 1:23
Last Minute Offensive  - 0:00
Last Minute Defensive  - 0:00
Total
Forward - 65:00
Defense - 65:00

Play by Play

1st period


0:01 of 1st period - Ryan Craig wins face-off versus Andy Miele in neutral zone.
0:11 of 1st period - Minor Penalty to Mike Brown for Slashing.
0:12 of 1st period - Colton Gillies wins face-off versus Ryan Craig in Senators zone.
0:13 of 1st period - Slapshot by Jarred Tinordi.
0:13 of 1st period - Shot Misses the Net.
0:19 of 1st period - Wrist shot by Colton Gillies.
0:19 of 1st period - Shot Blocked by Griffin Reinhart.
0:21 of 1st period - Slapshot by Scott Harrington.
0:21 of 1st period - Stopped by Jean-Francois Berube without a rebound.
0:22 of 1st period - Colton Gillies wins face-off versus Stefan Noesen in Senators zone.
0:32 of 1st period - Slapshot by Jarred Tinordi.
0:32 of 1st period - Stopped by Jean-Francois Berube without a rebound.
0:33 of 1st period - Gemel Smith wins face-off versus Greg Nemisz in Senators zone.
0:38 of 1st period - Slapshot by Jonathon Blum.
0:38 of 1st period - Shot Misses the Net.
0:40 of 1st period - Slapshot by Jonathon Blum.
0:40 of 1st period - Shot Misses the Net.
0:42 of 1st period - Snap shot by Rich Clune.
0:42 of 1st period - Shot Blocked by Greg Nemisz.
0:44 of 1st period - Snap shot by Rich Clune.
0:44 of 1st period - Stopped by Jean-Francois Berube with a rebound.
0:46 of 1st period - Snap shot by Rich Clune.
0:46 of 1st period - Deflect By Greg Nemisz.
0:46 of 1st period - Shot Misses the Net.
0:46 of 1st period - Puck is out of play.
0:47 of 1st period - Greg Nemisz wins face-off versus Gemel Smith in Senators zone.
1:08 of 1st period - Slapshot by Jonathon Blum.
1:08 of 1st period - Stopped by Jean-Francois Berube without a rebound.
1:09 of 1st period - Greg Nemisz wins face-off versus Colton Gillies in Senators zone.
1:24 of 1st period - Slapshot by Jarred Tinordi.
1:24 of 1st period - Stopped by Jean-Francois Berube with a rebound.
1:26 of 1st period - Slapshot by Colton Gillies.
1:26 of 1st period - Stopped by Jean-Francois Berube with a rebound.
1:28 of 1st period - Slapshot by Jarred Tinordi.
1:28 of 1st period - Shot Blocked by Eric Knodel.
1:36 of 1st period - Slapshot by Scott Harrington.
1:36 of 1st period - Stopped by Jean-Francois Berube with a rebound.
1:38 of 1st period - Wrist shot by Ryan Carpenter.
1:38 of 1st period - Shot Misses the Net.
1:40 of 1st period - Backhand shot by Jarred Tinordi.
1:40 of 1st period - Stopped by Jean-Francois Berube without a rebound.
1:41 of 1st period - Gemel Smith wins face-off versus Greg Nemisz in Senators zone.
1:48 of 1st period - Snap shot by Rich Clune.
1:48 of 1st period - Deflect By Gemel Smith.
1:48 of 1st period - Shot Misses the Net.
1:48 of 1st period - Puck is out of play.
1:49 of 1st period - Gemel Smith wins face-off versus Greg Nemisz in Senators zone.
1:54 of 1st period - Slapshot by Jonathon Blum.
1:54 of 1st period - Stopped by Jean-Francois Berube with a rebound.
2:04 of 1st period - Matt Finn is hit by Rich Clune and loses puck.
2:11 of 1st period - Penalty to Mike Brown is over, Mike Brown is back on ice.
2:11 of 1st period - Wrist shot by Ryan Craig.
2:11 of 1st period - Deflect By Gemel Smith.
2:11 of 1st period - Shot Misses the Net.
2:11 of 1st period - Puck is out of play.
2:12 of 1st period - Andy Miele wins face-off versus Philip McRae in Marlies zone.
2:16 of 1st period - Eric Knodel beats up Jarred Tinordi.
2:16 of 1st period - Penalty to Eric Knodel for Fighting.
2:16 of 1st period - Penalty to Jarred Tinordi for Fighting.
2:17 of 1st period - Gemel Smith wins face-off versus Philip McRae in Marlies zone.
2:29 of 1st period - Snap shot by Connor Brown.
2:29 of 1st period - Stopped by Dustin Tokarski with a rebound.
2:30 of 1st period - Philip McRae and Rich Clune fight to a draw.
2:30 of 1st period - Penalty to Philip McRae for Fighting.
2:30 of 1st period - Penalty to Rich Clune for Fighting.
2:31 of 1st period - Ryan Craig wins face-off versus Andy Miele in Marlies zone.
2:38 of 1st period - Backhand shot by Ryan Craig.
2:38 of 1st period - Stopped by Dustin Tokarski without a rebound.
2:39 of 1st period - Greg Nemisz wins face-off versus Andy Miele in Marlies zone.
2:40 of 1st period - Slapshot by Mike Brown.
2:40 of 1st period - Stopped by Dustin Tokarski with a rebound.
3:06 of 1st period - Snap shot by Ryan Carpenter.
3:06 of 1st period - Stopped by Jean-Francois Berube with a rebound.
3:08 of 1st period - Wrist shot by Colton Gillies.
3:08 of 1st period - Shot Blocked by Ryan Craig.
3:33 of 1st period - Icing by Scott Harrington.
3:34 of 1st period - Gemel Smith wins face-off versus Evan Trupp in Marlies zone.
3:59 of 1st period - Slapshot by Jonathon Blum.
3:59 of 1st period - Shot Misses the Net.
4:46 of 1st period - Icing by FARM PLAYER1.
4:47 of 1st period - Kenny Ryan wins face-off versus Gemel Smith in Senators zone.
5:50 of 1st period - Wrist shot by Ryan Craig.
5:50 of 1st period - Deflect By Mike Brown.
5:50 of 1st period - Shot Misses the Net.
5:50 of 1st period - Puck is out of play.
5:51 of 1st period - Ryan Craig wins face-off versus Ryan Carpenter in Marlies zone.
6:15 of 1st period - Ryan Craig is hit by Andrew Yogan and loses puck.
7:30 of 1st period - Slapshot by Jarred Tinordi.
7:30 of 1st period - Shot Misses the Net.
7:48 of 1st period - Snap shot by Jarred Tinordi.
7:48 of 1st period - Deflect By Connor Brown.
7:48 of 1st period - Stopped by Jean-Francois Berube with a rebound.
8:33 of 1st period - Snap shot by Colton Gillies.
8:33 of 1st period - Shot Blocked by Stefan Noesen.
8:35 of 1st period - Slapshot by Morgan Ellis.
8:35 of 1st period - Deflect By Rich Clune.
8:35 of 1st period - Stopped by Jean-Francois Berube with a rebound.
8:37 of 1st period - Slapshot by Morgan Ellis.
8:37 of 1st period - Shot Misses the Net.
8:39 of 1st period - Slapshot by Morgan Ellis.
8:39 of 1st period - Stopped by Jean-Francois Berube with a rebound.
8:41 of 1st period - Wrist shot by Rich Clune.
8:41 of 1st period - Shot Misses the Net.
8:43 of 1st period - Wrist shot by Rich Clune.
8:43 of 1st period - Shot Misses the Net.
8:49 of 1st period - Minor Penalty to Eric Knodel for Roughing.
8:50 of 1st period - Gemel Smith wins face-off versus Mike Brown in Senators zone.
9:55 of 1st period - Gemel Smith is hit by Josh Leivo and loses puck.
10:49 of 1st period - Penalty to Eric Knodel is over, Eric Knodel is back on ice.
10:55 of 1st period - Colton Gillies is hit by Evan Trupp.
12:01 of 1st period - Slapshot by Andrew O'Brien.
12:01 of 1st period - Shot Misses the Net.
12:41 of 1st period - Snap shot by Rich Clune.
12:41 of 1st period - Stopped by Jean-Francois Berube with a rebound.
12:43 of 1st period - Wrist shot by Jarred Tinordi.
12:43 of 1st period - Shot Blocked by Kenny Ryan.
13:24 of 1st period - Jarred Tinordi is hit by Tyler Biggs and loses puck.
13:34 of 1st period - Wrist shot by Matt Finn.
13:34 of 1st period - Shot Misses the Net.
13:36 of 1st period - Slapshot by Greg Nemisz.
13:36 of 1st period - Stopped by Dustin Tokarski with a rebound.
13:38 of 1st period - Wrist shot by Greg Nemisz.
13:38 of 1st period - Stopped by Dustin Tokarski with a rebound.
13:40 of 1st period - Backhand shot by Matt Finn.
13:40 of 1st period - Shot Blocked by Jarred Tinordi.
14:08 of 1st period - Rich Clune is hit by Eric Knodel and loses puck.
14:35 of 1st period - Andrew O'Brien is hit by FARM PLAYER22 and loses puck.
14:42 of 1st period - Philip McRae is hit by Ian Schultz.
15:43 of 1st period - Snap shot by Connor Brown.
15:43 of 1st period - Shot Misses the Net.
15:51 of 1st period - Connor Brown is hit by Rich Clune and loses puck.
16:21 of 1st period - Off-side.
16:22 of 1st period - Tyler Biggs wins face-off versus Gemel Smith in neutral zone.
16:25 of 1st period - Scott Harrington is hit by Colton Orr.
16:49 of 1st period - Kenny Ryan is hit by Jarred Tinordi and loses puck.
18:33 of 1st period - Backhand shot by Evan Trupp.
18:33 of 1st period - Stopped by Dustin Tokarski without a rebound.
18:34 of 1st period - Evan Trupp wins face-off versus Bobby Shea in Marlies zone.
18:56 of 1st period - Icing by Ryan Carpenter.
18:57 of 1st period - Tyler Biggs wins face-off versus Andy Miele in Marlies zone.
19:06 of 1st period - Brad Ross is hit by Morgan Ellis and loses puck.
Goals for this period are 0 for Marlies vs 0 for Senators.
Shots for this period are 14 for Marlies vs 6 for Senators.

2nd period


0:01 of 2nd period - Ryan Craig wins face-off versus Andy Miele in neutral zone.
0:10 of 2nd period - Eric Knodel is hit by Ryan Carpenter.
0:14 of 2nd period - Andy Miele is hit by Mike Brown and loses puck.
0:26 of 2nd period - Off-side.
0:27 of 2nd period - Philip McRae wins face-off versus Gemel Smith in neutral zone.
0:50 of 2nd period - Philip McRae and Rich Clune fight to a draw.
0:50 of 2nd period - Penalty to Philip McRae for Fighting.
0:50 of 2nd period - Penalty to Rich Clune for Fighting.
0:51 of 2nd period - Ryan Craig wins face-off versus Andy Miele in neutral zone.
1:25 of 2nd period - Off-side.
1:26 of 2nd period - Gemel Smith wins face-off versus Tyler Biggs in neutral zone.
1:26 of 2nd period - Tyler Biggs beats up Jarred Tinordi.
1:26 of 2nd period - Penalty to Tyler Biggs for Fighting.
1:26 of 2nd period - Penalty to Jarred Tinordi for Fighting.
1:27 of 2nd period - Andrew Yogan wins face-off versus Ryan Craig in neutral zone.
1:32 of 2nd period - Slapshot by Scott Harrington.
1:32 of 2nd period - Stopped by Jean-Francois Berube with a rebound.
1:54 of 2nd period - Andrew Yogan is hit by Griffin Reinhart.
2:00 of 2nd period - Backhand shot by Scott Harrington.
2:00 of 2nd period - Shot Misses the Net.
2:04 of 2nd period - Snap shot by Colton Gillies.
2:04 of 2nd period - Stopped by Jean-Francois Berube with a rebound.
2:20 of 2nd period - Matt Finn is hit by Phil Di Giuseppe and loses puck.
3:11 of 2nd period - Slapshot by Colton Gillies.
3:11 of 2nd period - Shot Blocked by Matt Finn.
3:13 of 2nd period - Slapshot by Travis Ehrhardt.
3:13 of 2nd period - Stopped by Jean-Francois Berube with a rebound.
4:14 of 2nd period - Evan Trupp is hit by Scott Harrington.
4:40 of 2nd period - Icing by Gemel Smith.
4:41 of 2nd period - Gemel Smith wins face-off versus FARM PLAYER1 in Marlies zone.
5:27 of 2nd period - Minor Penalty to Griffin Reinhart for Roughing.
5:28 of 2nd period - Gemel Smith wins face-off versus Mike Brown in Senators zone.
5:50 of 2nd period - Penalty to Philip McRae is over, Philip McRae is back on ice.
5:52 of 2nd period - Wrist shot by Mike Brown.
5:52 of 2nd period - Goal by Mike Brown - Marlies : 0 - Senators : 1.
5:53 of 2nd period - Colton Gillies wins face-off versus Mike Brown in neutral zone.
6:10 of 2nd period - Snap shot by Colton Gillies.
6:10 of 2nd period - Deflect By Andrew Yogan.
6:10 of 2nd period - Shot Blocked by Mike Brown.
6:10 of 2nd period - Puck is out of play.
6:11 of 2nd period - Colton Gillies wins face-off versus Mike Brown in Senators zone.
6:12 of 2nd period - Slapshot by Scott Harrington.
6:12 of 2nd period - Shot Blocked by Eric Knodel.
6:14 of 2nd period - Backhand shot by Colton Gillies.
6:14 of 2nd period - Stopped by Jean-Francois Berube with a rebound.
6:16 of 2nd period - Slapshot by Scott Harrington.
6:16 of 2nd period - Stopped by Jean-Francois Berube without a rebound.
6:17 of 2nd period - Mike Brown wins face-off versus Gemel Smith in Senators zone.
6:26 of 2nd period - Penalty to Tyler Biggs is over, Tyler Biggs is back on ice.
6:51 of 2nd period - FARM PLAYER1 is hit by Travis Ehrhardt and loses puck.
7:27 of 2nd period - Penalty to Griffin Reinhart is over, Griffin Reinhart is back on ice.
8:03 of 2nd period - Minor Penalty to FARM PLAYER14 for Interference.
8:04 of 2nd period - Mike Brown wins face-off versus Andrew Yogan in Senators zone.
8:14 of 2nd period - Eric Knodel is hit by Ryan Carpenter and loses puck.
8:55 of 2nd period - Ryan Craig is hit by Scott Harrington and loses puck.
10:03 of 2nd period - Penalty to FARM PLAYER14 is over, FARM PLAYER14 is back on ice.
10:39 of 2nd period - Slapshot by Connor Brown.
10:39 of 2nd period - Shot Misses the Net.
11:56 of 2nd period - Wrist shot by Jarred Tinordi.
11:56 of 2nd period - Shot Blocked by Eric Knodel.
12:20 of 2nd period - Connor Brown is hit by Bobby Shea and loses puck.
12:56 of 2nd period - Icing by Stefan Noesen.
12:57 of 2nd period - Evan Trupp wins face-off versus Gemel Smith in Senators zone.
12:57 of 2nd period - Evan Trupp is hit by Rich Clune.
13:59 of 2nd period - Morgan Ellis is hit by Ryan Craig and loses puck.
14:29 of 2nd period - Wrist shot by Jonathon Blum.
14:29 of 2nd period - Shot Misses the Net.
14:31 of 2nd period - Wrist shot by Austen Brassard.
14:31 of 2nd period - Shot Misses the Net.
14:33 of 2nd period - Backhand shot by Jonathon Blum.
14:33 of 2nd period - Stopped by Jean-Francois Berube with a rebound.
14:43 of 2nd period - Colton Orr is hit by Ian Schultz and loses puck.
14:50 of 2nd period - Slapshot by Scott Harrington.
14:50 of 2nd period - Shot Misses the Net.
14:52 of 2nd period - Slapshot by Jarred Tinordi.
14:52 of 2nd period - Shot Blocked by Mike Brown.
14:54 of 2nd period - Slapshot by Jarred Tinordi.
14:54 of 2nd period - Deflect By Ryan Carpenter.
14:54 of 2nd period - Shot Misses the Net.
14:54 of 2nd period - Puck is out of play.
14:55 of 2nd period - Ryan Carpenter wins face-off versus Philip McRae in Senators zone.
15:57 of 2nd period - Snap shot by Ryan Craig.
15:57 of 2nd period - Stopped by Dustin Tokarski with a rebound.
16:22 of 2nd period - Slapshot by Phil Di Giuseppe.
16:22 of 2nd period - Shot Blocked by Greg Nemisz.
16:24 of 2nd period - Wrist shot by Ryan Carpenter.
16:24 of 2nd period - Shot Blocked by Ryan Craig.
16:26 of 2nd period - Wrist shot by Phil Di Giuseppe.
16:26 of 2nd period - Shot Hit the Post.
16:52 of 2nd period - Colton Gillies is hit by Greg Nemisz and loses puck.
17:31 of 2nd period - Jarred Tinordi is hit by Matt Finn and loses puck.
17:38 of 2nd period - Wrist shot by Scott Harrington.
17:38 of 2nd period - Shot Blocked by Kenny Ryan.
17:44 of 2nd period - Morgan Ellis is hit by Stefan Noesen and loses puck.
18:12 of 2nd period - Snap shot by Bobby Shea.
18:12 of 2nd period - Stopped by Jean-Francois Berube with a rebound.
18:14 of 2nd period - Slapshot by Travis Ehrhardt.
18:14 of 2nd period - Shot Blocked by FARM PLAYER22.
18:16 of 2nd period - Slapshot by Andrew O'Brien.
18:16 of 2nd period - Goal by Andrew O'Brien - Marlies : 1 - Senators : 1.
18:17 of 2nd period - Philip McRae wins face-off versus Andrew Yogan in neutral zone.
18:24 of 2nd period - Slapshot by Scott Harrington.
18:24 of 2nd period - Deflect By Rich Clune.
18:24 of 2nd period - Shot Misses the Net.
18:24 of 2nd period - Puck is out of play.
18:25 of 2nd period - Andrew Yogan wins face-off versus Philip McRae in Senators zone.
18:35 of 2nd period - Snap shot by Scott Harrington.
18:35 of 2nd period - Shot Misses the Net.
18:54 of 2nd period - Minor Penalty to Josh Leivo for Holding Stick.
18:55 of 2nd period - Gemel Smith wins face-off versus Mike Brown in Senators zone.
19:31 of 2nd period - Snap shot by Jonathon Blum.
19:31 of 2nd period - Stopped by Jean-Francois Berube with a rebound.
19:53 of 2nd period - Eric Knodel is hit by Jonathon Blum and loses puck.
Goals for this period are 1 for Marlies vs 1 for Senators.
Shots for this period are 9 for Marlies vs 2 for Senators.

3rd period


0:01 of 3rd period - Mike Brown wins face-off versus Colton Gillies in neutral zone.
0:08 of 3rd period - Wrist shot by Mike Brown.
0:08 of 3rd period - Shot Misses the Net.
0:18 of 3rd period - Snap shot by Mike Brown.
0:18 of 3rd period - Stopped by Dustin Tokarski with a rebound.
0:50 of 3rd period - Snap shot by Jonathon Blum.
0:50 of 3rd period - Shot Blocked by Ryan Craig.
0:52 of 3rd period - Slapshot by Jonathon Blum.
0:52 of 3rd period - Stopped by Jean-Francois Berube without a rebound.
0:53 of 3rd period - Greg Nemisz wins face-off versus Gemel Smith in Senators zone.
0:54 of 3rd period - Penalty to Josh Leivo is over, Josh Leivo is back on ice.
1:02 of 3rd period - Slapshot by Rich Clune.
1:02 of 3rd period - Stopped by Jean-Francois Berube with a rebound.
1:06 of 3rd period - Wrist shot by Rich Clune.
1:06 of 3rd period - Shot Hit the Post.
1:41 of 3rd period - Snap shot by Colton Gillies.
1:41 of 3rd period - Shot Blocked by Stefan Noesen.
1:47 of 3rd period - Snap shot by Ryan Carpenter.
1:47 of 3rd period - Shot Misses the Net.
1:49 of 3rd period - Slapshot by Travis Ehrhardt.
1:49 of 3rd period - Stopped by Jean-Francois Berube without a rebound.
1:50 of 3rd period - Mike Brown wins face-off versus Ryan Carpenter in Senators zone.
2:14 of 3rd period - Phil Di Giuseppe beats up Colton Orr.
2:14 of 3rd period - Penalty to Colton Orr for Fighting.
2:14 of 3rd period - Penalty to Phil Di Giuseppe for Fighting.
2:15 of 3rd period - Philip McRae wins face-off versus Andrew Yogan in Senators zone.
4:34 of 3rd period - Snap shot by Brad Ross.
4:34 of 3rd period - Stopped by Dustin Tokarski with a rebound.
6:13 of 3rd period - Wrist shot by Connor Brown.
6:13 of 3rd period - Stopped by Dustin Tokarski with a rebound.
6:15 of 3rd period - Slapshot by Connor Brown.
6:15 of 3rd period - Shot Blocked by Jarred Tinordi.
6:17 of 3rd period - Wrist shot by Connor Brown.
6:17 of 3rd period - Stopped by Dustin Tokarski without a rebound.
6:18 of 3rd period - Ryan Carpenter wins face-off versus Philip McRae in Marlies zone.
6:55 of 3rd period - Wrist shot by Evan Trupp.
6:55 of 3rd period - Shot Blocked by Jonathon Blum.
6:57 of 3rd period - Snap shot by Kenny Ryan.
6:57 of 3rd period - Stopped by Dustin Tokarski with a rebound.
6:59 of 3rd period - Snap shot by Kenny Ryan.
6:59 of 3rd period - Stopped by Dustin Tokarski with a rebound.
7:01 of 3rd period - Slapshot by Matt Finn.
7:01 of 3rd period - Shot Blocked by Jonathon Blum.
7:03 of 3rd period - Snap shot by Evan Trupp.
7:03 of 3rd period - Stopped by Dustin Tokarski with a rebound.
7:05 of 3rd period - Snap shot by Stefan Noesen.
7:05 of 3rd period - Stopped by Dustin Tokarski with a rebound.
7:07 of 3rd period - Slapshot by Stefan Noesen.
7:07 of 3rd period - Stopped by Dustin Tokarski without a rebound.
7:08 of 3rd period - Evan Trupp wins face-off versus Gemel Smith in Marlies zone.
7:41 of 3rd period - Snap shot by Phil Di Giuseppe.
7:41 of 3rd period - Shot Misses the Net.
8:03 of 3rd period - Philip McRae is hit by Bobby Shea and loses puck.
8:22 of 3rd period - Jarred Tinordi is hit by Matt Finn and loses puck.
8:33 of 3rd period - Slapshot by Rich Clune.
8:33 of 3rd period - Shot Misses the Net.
8:45 of 3rd period - Connor Brown is hit by Colton Gillies and loses puck.
10:47 of 3rd period - Wrist shot by Rich Clune.
10:47 of 3rd period - Stopped by Jean-Francois Berube with a rebound.
11:11 of 3rd period - Wrist shot by Ryan Carpenter.
11:11 of 3rd period - Stopped by Jean-Francois Berube without a rebound.
11:12 of 3rd period - Ryan Craig wins face-off versus Ryan Carpenter in Senators zone.
11:40 of 3rd period - Brock McGinn is hit by Tyler Biggs and loses puck.
15:11 of 3rd period - Travis Ehrhardt is hit by Tyler Biggs.
16:11 of 3rd period - Slapshot by Jonathon Blum.
16:11 of 3rd period - Shot Misses the Net.
16:13 of 3rd period - Snap shot by Morgan Ellis.
16:13 of 3rd period - Deflect By Ryan Carpenter.
16:13 of 3rd period - Stopped by Jean-Francois Berube without a rebound.
16:14 of 3rd period - Josh Leivo wins face-off versus Andy Miele in Senators zone.
16:30 of 3rd period - Snap shot by Philip McRae.
16:30 of 3rd period - Shot Misses the Net.
17:39 of 3rd period - Connor Brown is hit by Austen Brassard and loses puck.
17:48 of 3rd period - Slapshot by Scott Harrington.
17:48 of 3rd period - Shot Misses the Net.
17:50 of 3rd period - Slapshot by Jarred Tinordi.
17:50 of 3rd period - Stopped by Jean-Francois Berube without a rebound.
17:51 of 3rd period - Gemel Smith wins face-off versus Philip McRae in Senators zone.
18:16 of 3rd period - Austen Brassard is hit by Greg Nemisz and loses puck.
Goals for this period are 0 for Marlies vs 0 for Senators.
Shots for this period are 7 for Marlies vs 9 for Senators.

Overtime #1


0:01 of 1st overtime period - Mike Brown wins face-off versus Ryan Carpenter in neutral zone.
0:22 of 1st overtime period - Minor Penalty to Griffin Reinhart for Interference.
0:23 of 1st overtime period - Mike Brown wins face-off versus Ryan Carpenter in Senators zone.
0:25 of 1st overtime period - Slapshot by Jarred Tinordi.
0:25 of 1st overtime period - Shot Blocked by Mike Brown.
0:27 of 1st overtime period - Slapshot by Jarred Tinordi.
0:27 of 1st overtime period - Stopped by Jean-Francois Berube without a rebound.
0:28 of 1st overtime period - Mike Brown wins face-off versus Ryan Carpenter in Senators zone.
1:00 of 1st overtime period - Slapshot by Jarred Tinordi.
1:00 of 1st overtime period - Shot Blocked by Mike Brown.
1:02 of 1st overtime period - Slapshot by Scott Harrington.
1:02 of 1st overtime period - Shot Misses the Net.
1:25 of 1st overtime period - Eric Knodel is hit by Ryan Carpenter and loses puck.
2:15 of 1st overtime period - Wrist shot by Scott Harrington.
2:15 of 1st overtime period - Stopped by Jean-Francois Berube with a rebound.
2:17 of 1st overtime period - Wrist shot by Andrew Yogan.
2:17 of 1st overtime period - Stopped by Jean-Francois Berube with a rebound.
2:21 of 1st overtime period - Slapshot by Scott Harrington.
2:21 of 1st overtime period - Deflect By Stefan Noesen.
2:21 of 1st overtime period - Stopped by Jean-Francois Berube with a rebound.
2:22 of 1st overtime period - Penalty to Griffin Reinhart is over, Griffin Reinhart is back on ice.
2:29 of 1st overtime period - Wrist shot by Andrew Yogan.
2:29 of 1st overtime period - Stopped by Jean-Francois Berube with a rebound.
2:31 of 1st overtime period - Wrist shot by Andrew Yogan.
2:31 of 1st overtime period - Shot Misses the Net.
3:01 of 1st overtime period - Slapshot by Jarred Tinordi.
3:01 of 1st overtime period - Stopped by Jean-Francois Berube with a rebound.
3:03 of 1st overtime period - Slapshot by Colton Gillies.
3:03 of 1st overtime period - Shot Misses the Net.
3:05 of 1st overtime period - Slapshot by Jonathon Blum.
3:05 of 1st overtime period - Deflect By Andy Miele.
3:05 of 1st overtime period - Shot Blocked by Mike Brown.
3:05 of 1st overtime period - Puck is out of play.
3:06 of 1st overtime period - Mike Brown wins face-off versus Ryan Carpenter in Senators zone.
3:45 of 1st overtime period - Slapshot by Tyler Biggs.
3:45 of 1st overtime period - Stopped by Dustin Tokarski with a rebound.
4:28 of 1st overtime period - Icing by Ryan Craig.
4:29 of 1st overtime period - Tyler Biggs wins face-off versus Phil Di Giuseppe in Senators zone.
4:48 of 1st overtime period - Slapshot by Jarred Tinordi.
4:48 of 1st overtime period - Shot Blocked by FARM PLAYER14.
Goals for this period are 0 for Marlies vs 0 for Senators.
Shots for this period are 6 for Marlies vs 1 for Senators.

ShootOut


5:00 of 1st overtime period - Penalty Shot by Andrew Yogan for Marlies.
5:00 of 1st overtime period - Snap shot by Andrew Yogan.
5:00 of 1st overtime period - Shot Misses the Net.
5:00 of 1st overtime period - Penalty Shot by Mike Brown for Senators.
5:00 of 1st overtime period - Deke by Mike Brown.
5:00 of 1st overtime period - Shot Misses the Net.
5:00 of 1st overtime period - Penalty Shot by Andy Miele for Marlies.
5:00 of 1st overtime period - Wrist shot by Andy Miele.
5:00 of 1st overtime period - Stopped by Jean-Francois Berube.
5:00 of 1st overtime period - Penalty Shot by Ryan Craig for Senators.
5:00 of 1st overtime period - Backhand shot by Ryan Craig.
5:00 of 1st overtime period - Stopped by Dustin Tokarski.
5:00 of 1st overtime period - Penalty Shot by Rich Clune for Marlies.
5:00 of 1st overtime period - Deke by Rich Clune.
5:00 of 1st overtime period - Stopped by Jean-Francois Berube.
5:00 of 1st overtime period - Penalty Shot by Greg Nemisz for Senators.
5:00 of 1st overtime period - Snap shot by Greg Nemisz.
5:00 of 1st overtime period - Shot Misses the Net.
5:00 of 1st overtime period - Penalty Shot by Colton Gillies for Marlies.
5:00 of 1st overtime period - Snap shot by Colton Gillies.
5:00 of 1st overtime period - Shot Misses the Net.
5:00 of 1st overtime period - Penalty Shot by Josh Leivo for Senators.
5:00 of 1st overtime period - Deke by Josh Leivo.
5:00 of 1st overtime period - Stopped by Dustin Tokarski.
5:00 of 1st overtime period - Penalty Shot by Ryan Carpenter for Marlies.
5:00 of 1st overtime period - Wrist shot by Ryan Carpenter.
5:00 of 1st overtime period - Shot Misses the Net.
5:00 of 1st overtime period - Penalty Shot by Connor Brown for Senators.
5:00 of 1st overtime period - Wrist shot by Connor Brown.
5:00 of 1st overtime period - Stopped by Dustin Tokarski.
5:00 of 1st overtime period - Penalty Shot by Brock McGinn for Marlies.
5:00 of 1st overtime period - Deke by Brock McGinn.
5:00 of 1st overtime period - Stopped by Jean-Francois Berube.
5:00 of 1st overtime period - Penalty Shot by Stefan Noesen for Senators.
5:00 of 1st overtime period - Deke by Stefan Noesen.
5:00 of 1st overtime period - Shot Misses the Net.
5:00 of 1st overtime period - Penalty Shot by Jonathon Blum for Marlies.
5:00 of 1st overtime period - Wrist shot by Jonathon Blum.
5:00 of 1st overtime period - Goal by Jonathon Blum.
5:00 of 1st overtime period - Penalty Shot by Evan Trupp for Senators.
5:00 of 1st overtime period - Wrist shot by Evan Trupp.
5:00 of 1st overtime period - Goal by Evan Trupp.
5:00 of 1st overtime period - Penalty Shot by Phil Di Giuseppe for Marlies.
5:00 of 1st overtime period - Wrist shot by Phil Di Giuseppe.
5:00 of 1st overtime period - Stopped by Jean-Francois Berube.
5:00 of 1st overtime period - Penalty Shot by Philip McRae for Senators.
5:00 of 1st overtime period - Wrist shot by Philip McRae.
5:00 of 1st overtime period - Stopped by Dustin Tokarski.
5:00 of 1st overtime period - Penalty Shot by Gemel Smith for Marlies.
5:00 of 1st overtime period - Wrist shot by Gemel Smith.
5:00 of 1st overtime period - Shot Hit the Post.
5:00 of 1st overtime period - Penalty Shot by Kenny Ryan for Senators.
5:00 of 1st overtime period - Snap shot by Kenny Ryan.
5:00 of 1st overtime period - Stopped by Dustin Tokarski.
5:00 of 1st overtime period - Penalty Shot by Travis Ehrhardt for Marlies.
5:00 of 1st overtime period - Wrist shot by Travis Ehrhardt.
5:00 of 1st overtime period - Stopped by Jean-Francois Berube.
5:00 of 1st overtime period - Penalty Shot by Brad Ross for Senators.
5:00 of 1st overtime period - Backhand shot by Brad Ross.
5:00 of 1st overtime period - Stopped by Dustin Tokarski.
5:00 of 1st overtime period - Penalty Shot by Morgan Ellis for Marlies.
5:00 of 1st overtime period - Wrist shot by Morgan Ellis.
5:00 of 1st overtime period - Goal by Morgan Ellis.
5:00 of 1st overtime period - Penalty Shot by FARM PLAYER1 for Senators.
5:00 of 1st overtime period - Wrist shot by FARM PLAYER1.
5:00 of 1st overtime period - Goal by FARM PLAYER1.
5:00 of 1st overtime period - Penalty Shot by Andrew O'Brien for Marlies.
5:00 of 1st overtime period - Wrist shot by Andrew O'Brien.
5:00 of 1st overtime period - Goal by Andrew O'Brien.
5:00 of 1st overtime period - Penalty Shot by FARM PLAYER14 for Senators.
5:00 of 1st overtime period - Deke by FARM PLAYER14.
5:00 of 1st overtime period - Stopped by Dustin Tokarski.